 Dungeon Crawl Stone Soup version 0.27-a0-46-g34d46f0a3f (webtiles) character file.

Game seed: 17411013810487231638

19 Borgoz the Shield-Bearer (level 2, -1/21 HPs)
             Began as a Halfling Fighter on Jan 6, 2021.
             Slain by a gnoll
             ... wielding a +0 spear
              (9 damage)
             ... on level 2 of the Dungeon.
             The game lasted 00:00:34 (823 turns).

Borgoz the Shield-Bearer (Halfling Fighter)          Turns: 823, Time: 00:00:34

Health: -1/21      AC: 10    Str: 17    XL:     2   Next: 95%
Magic:  2/2        EV:  8    Int:  6    God:
Gold:   61         SH:  9    Dex: 13    Spells: 1/1 levels left

rFire    . . .     SeeInvis .   a - +0 long sword
rCold    . . .     Faith    .   c - +0 kite shield
rNeg     . . .     Spirit   .   b - +0 scale mail
rPois    .         Reflect  .   f - +2 helmet
rElec    .         Harm     .   (no cloak)
rCorr    .         Rampage  .   (no gloves)
Will     .....                  (no boots)
Stlth    ..........             (no amulet)
HPRegen  0.07/turn              (no ring)
MPRegen  0.08/turn              (no ring)

@: mighty
A: small, mutation resistance 1
a: no special abilities


You were on level 2 of the Dungeon.
You visited 1 branch of the dungeon, and saw 2 of its levels.

You collected 61 gold pieces.

Inventory:

Hand Weapons
 a - a +0 long sword (weapon)
Armour
 b - a +0 scale mail (worn)
 c - a +0 kite shield (worn)
 f - a +2 helmet (worn)
Scrolls
 e - a scroll of blinking {unknown}


   Skills:
 * Level 3.0 Fighting
 * Level 2.5 Long Blades
 + Level 3.4 Armour
 + Level 3.4 Shields


You had one spell level left.
You didn't know any spells.
Your spell library was empty.

Dungeon Overview and Level Annotations

Branches:
Dungeon (2/15)

Altars:
Makhleb


Innate Abilities, Weirdness & Mutations

You are small and have problems with some larger weapons.
You are somewhat resistant to further mutation.


Message History

You slash the gnoll!
The gnoll is heavily wounded.
The gnoll hits you but does no damage. You block the gnoll's attack.
The gnoll hits you from afar with a +0 spear.
Your shield prevents you from hitting the gnoll.
The gnoll is heavily wounded.
You block the gnoll's attack. x2; The gnoll hits you but does no damage.
The gnoll barely misses you.
You hit the gnoll but do no damage.
The gnoll is heavily wounded.
You block the gnoll's attack.
The gnoll hits you from afar with a +0 spear.
The gnoll barely misses you.
You feel very mighty all of a sudden. The gnoll hits you but does no damage.
You slash the gnoll!
You kill the gnoll!
You block the gnoll's attack.
The gnoll hits you from afar with a +0 spear!
You die...

#.# #.# ####### #.#
#....># #.# #.....#
#.# #.....#
######.###.....#
#........#.....#
#.#.##.#.###.###
#@#.##.#.###.#####
#)#......†.......#
#g#.##.#.#######.#
#S#.##.#.#######.#
#g...............#
#$.....#.....##..#
#...........##..(...
#g...........†.##..#
...#.....##.<.†.....#


You could see 2 gnolls and an adder.

Vanquished Creatures
  A gnoll (D:2)
  A leopard gecko (D:2)
  3 giant cockroaches (D:1)
  A hobgoblin (D:1)
  A quokka (D:2)
  A ball python (D:1)
  4 bats
  A goblin (D:1)
  2 kobolds (D:1)
  5 rats
20 creatures vanquished.

Notes
Turn   | Place    | Note
-------+----------+-------------------------------------------
     0 | D:1      | Borgoz the Halfling Fighter began the quest for the Orb.
     0 | D:1      | Reached XP level 1. HP: 15/15 MP: 1/1
   236 | D:1      | Reached XP level 2. HP: 20/20 MP: 2/2
   730 | D:2      | Found a burning altar of Makhleb.
   823 | D:2      | Slain by a gnoll

Illustrated notes

Levels and vault maps discovered:
D:1:      grunt_arrival_crossed_arrows, layout_loops_ring
D:2:      layout_loops_cross, bloody_makhleb, grunt_temple_overflow_open,
          okawaru_gym_becter, uniq_terence

Skill      XL: |  1  2 |
---------------+-------+-----
Fighting       | 3 |  3.0
Long Blades    | |  2.5
Armour         | |  3.4
Shields        | |  3.4

Action                   || total
-------------------------++-------
Melee: Long sword        ||    51
  Use: Potion            ||     1
Armor: Scale mail        ||    24
Dodge: Dodged            ||    23
Block: Kite shield       ||    28
       Rpst.: Long sword ||     7

Table legend: (Time is in decaauts)
 A = Elapsed time spent in this place.
 B = Non-inter-level travel time spent in this place.
 C = Inter-level travel time spent in this place.
 D = Time resting spent in this place.
 E = Time spent auto-exploring this place.
 F = Levels seen in this place.
 G = Mean time per level.
                   A        B        C        D        E       F      G
               +--------+--------+--------+--------+--------+-----+--------+
         Total |    841 |    810 |     31 |      0 |    677 |   2 |  420.5 |
       Dungeon |    841 |    810 |     31 |      0 |    677 |   2 |  420.5 |
               +--------+--------+--------+--------+--------+-----+--------+

Top non-repeatable levels by time:
     D:1: 743 daAuts
     D:2: 97 daAuts
